 Dungeon Crawl Stone Soup version 0.18-a0-329-g5b4d444 (webtiles) character file.

1078 Proton the Shield-Bearer (level 8, -7/64 HPs)
             Began as a Formicid Fighter on Nov 28, 2015.
             Was an Initiate of Ru.
             Mangled by an orc warrior
             ... wielding a +0 dire flail
              (15 damage)
             ... on level 5 of the Dungeon.
             The game lasted 00:05:42 (3756 turns).

Proton the Shield-Bearer (Formicid Fighter)         Turns: 3756, Time: 00:05:42

Health: -7/64      AC: 10    Str: 23    XL:     8   Next: 54%
Magic:  8/8        EV:  7    Int: 10    God:    Ru [......]
Gold:   218        SH: 11    Dex: 10    Spells: 0 memorised, 7 levels left

rFire  . . .     SeeInvis +     a - +0 war axe
rCold  . . .     Clarity  .     f - +0 chain mail
rNeg   . . .     SustAt   .     c - +0 shield
rPois  .         Gourm    .     (helmet unavailable)
rElec  .         Spirit   .     (no cloak)
rCorr  .         Warding  .     (no gloves)
rMut   .         Stasis   +     (no boots)
MR     .....                    (no amulet)
Stlth  ..........               q - ring of teleportation (curse)
                                k - +2 ring of intelligence

@: not resistant to hostile enchantments, extremely unstealthy
A: permanent stasis, dig shafts and tunnels, four strong arms, antennae 3
a: Dig, Shaft Self, Renounce Religion, Evoke Teleportation


You were on level 5 of the Dungeon.
You worshipped Ru.
Ru was noncommittal.
You were hungry.

You visited 2 branches of the dungeon, and saw 6 of its levels.

You collected 218 gold pieces.

Inventory:

Hand Weapons
 a - a +0 war axe (weapon)
Armour
 c - a +0 shield (worn)
 f - a +0 chain mail (worn)
Jewellery
 k - a +2 ring of intelligence (left hand)
 q - a cursed ring of teleportation (right hand)
 u - an uncursed ring of flight {unknown}
 y - a +4 ring of intelligence
Scrolls
 b - 4 scrolls of identify {unknown}
 g - a scroll of fog {unknown}
 h - a scroll of blinking {unknown}
 j - 4 scrolls of remove curse {unknown}
 m - a scroll of teleportation {unknown}
 s - a scroll of fear {unknown}
 t - a scroll of enchant weapon {unknown}
 v - a scroll of immolation {unknown}
 x - a scroll of amnesia {unknown}
Potions
 d - a potion of might
 e - a potion of degeneration {unknown}
 l - 2 potions of curing {unknown}
 n - 2 potions of poison {unknown}
 r - a potion of lignification {unknown}
 w - a potion of agility {unknown}
Comestibles
 i - a royal jelly
 o - a bread ration
 p - 2 meat rations


   Skills:
 + Level 6.1 Fighting
 * Level 4.9 Axes
 + Level 6.0 Armour
 + Level 0.1 Dodging
 + Level 7.0 Shields


You had 7 spell levels left.
You didn't know any spells.

Dungeon Overview and Level Annotations

Branches:
Dungeon (5/15)             Temple (1/1) D:5

Altars:
Ashenzari
Cheibriados
Dithmenos
Elyvilon
Fedhas
Gozag
Nemelex Xobeh
Okawaru
Qazlal
Ru
Trog
Xom
Yredelemnul
Zin
The Shining One


Innate Abilities, Weirdness & Mutations

You are under a permanent stasis effect.
You can dig through walls and to a lower floor.
Your four strong arms can wield two-handed weapons with a shield.
You have a pair of large antennae on your head (SInv).


Message History

You are too injured to fight recklessly!
You are too injured to fight recklessly!
You are too injured to fight recklessly!
You slash the orc warrior!
The orc warrior is moderately wounded.
You block the orc warrior's attack.
You hit the orc warrior.
The orc warrior is heavily wounded.
You block the orc warrior's attack.
You hit the orc warrior but do no damage.
The orc warrior is heavily wounded.
The orc warrior hits you with a dire flail!!
* * * LOW HITPOINT WARNING * * *
You slash the orc warrior!
The orc warrior is almost dead.
You block the orc warrior's attack. x2
Your shield and chain mail prevent you from hitting the orc warrior.
The orc warrior is almost dead.
The orc warrior hits you with a dire flail!
You die...

.#........#########.##.##.##.#
....[.....#
#.....#.##.#โ‰ˆ>ยง#.#
######.##.# #.....#.#####.####
#.##.###........>.#โ‰ˆ.โ‰ˆ#
#.##.........#....##.##
#.######.....#.####..#######
#.# #######.............. #.#
#.........######## #.#
#@######### #o#


ooo ..o.. ......# ##.....# #.....# ####### You could see an orc warrior and 4
orcs.

Vanquished Creatures
  Eustachio (D:5)
  2 ice beasts
  Duvessa (D:4)
  2 ogres
  A phantom (D:5)
  Dowan (D:4)
  A water moccasin zombie (D:5)
  A scorpion (D:5)
  A crimson imp (D:5)
  A worker ant (D:5)
  An iguana (D:4)
  2 hound skeletons
  Robin (D:2)
  3 adders
  An adder zombie (D:5)
  2 worms
  An adder skeleton (D:5)
  3 giant geckos
  A giant cockroach (D:2)
  11 goblins
  10 hobgoblins
  10 jackals
  2 quokkas
  6 ball pythons (D:2)
  4 bats
  3 giant newts
  A jackal zombie (D:5)
  11 kobolds
  8 rats
93 creatures vanquished.

Vanquished Creatures (others)
  A fungus (D:2)
1 creature vanquished.

Grand Total: 94 creatures vanquished

Notes
Turn   | Place    | Note
--------------------------------------------------------------
     0 | D:1      | Proton the Formicid Fighter began the quest for the Orb.
     0 | D:1      | Reached XP level 1. HP: 18/18 MP: 1/1
   309 | D:1      | Reached XP level 2. HP: 24/24 MP: 2/2
   473 | D:2      | Reached skill level 4 in Shields
   518 | D:2      | Reached XP level 3. HP: 27/29 MP: 3/3
   682 | D:2      | Noticed Robin
   692 | D:2      | Killed Robin
   692 | D:2      | Reached XP level 4. HP: 29/37 MP: 4/4
  1176 | D:3      | Reached XP level 5. HP: 31/42 MP: 5/5
  1186 | D:3      | Found an opulent altar of Gozag.
  1211 | D:3      | Noticed an ice beast
  1317 | D:4      | Noticed Duvessa
  1326 | D:5      | Entered Level 5 of the Dungeon
  1402 | D:5      | Found a staircase to the Ecumenical Temple.
  1409 | Temple   | Entered the Ecumenical Temple
  1655 | Temple   | Became a worshipper of Ru the Awakened
  1711 | D:5      | Noticed an ice beast
  1726 | D:5      | Killed an ice beast
  1726 | D:5      | Reached skill level 5 in Shields
  1726 | D:5      | Reached XP level 6. HP: 6/49 MP: 6/6
  2088 | D:3      | Killed an ice beast
  2538 | D:4      | Reached skill level 5 in Fighting
  2538 | D:4      | Reached XP level 7. HP: 17/56 MP: 7/7
  2818 | D:4      | Killed Duvessa
  2818 | D:4      | Reached skill level 6 in Shields
  2834 | D:4      | Noticed Dowan
  2836 | D:4      | Killed Dowan
  2836 | D:4      | Reached skill level 5 in Armour
  3209 | D:5      | Reached XP level 8. HP: 54/63 MP: 8/8
  3258 | D:5      | Noticed Eustachio
  3289 | D:5      | Killed Eustachio
  3678 | D:5      | Reached skill level 7 in Shields
  3756 | D:5      | Mangled by an orc warrior

Vault maps used:
D:1:      dpeg_arrival_concentric_ovals
D:2:      minmay_shallow_snake_nest, uniq_robin
D:3:      nicolae_gozag_seed_capital
D:4:      first_bread, uniq_duvessa
D:5:      minmay_temple_entry_metal_lava, uniq_eustachio
Temple:   minmay_temple_curvy_14

Action                   |  1- 3 |  4- 6 |  7- 9 || total
-------------------------+-------+-------+-------++-------
Melee: War axe           |    97 |   140 |   128 ||   365
  Eat: Bread ration      |       |     1 |       ||     1
       Beef jerky        |       |     1 |     2 ||     3
